Chicago Black Hawks vs Hartford Whalers
Created - Monday, November 13, 2023 at 07:18
Goals
|
| Chicago Black Hawks |
1 |
1 |
0 |
2 |
| Hartford Whalers |
0 |
1 |
0 |
1 |
|
Shots
|
| Chicago Black Hawks |
11 |
15 |
4 |
30 |
| Hartford Whalers |
10 |
13 |
8 |
31 |
|
1st period
1. Chicago Black Hawks , Patrice Bergeron 25 (Kevin Fiala 37, Seth Jones 26) at 9:06
Penalties :
John Hayden (HFD) for Fighting (Major) at 17:59, Bo Horvat (CHI) for Fighting (Major) at 17:59
2nd period
2. Chicago Black Hawks , Brent Burns 5 (Vincent Trocheck 22, Kevin Fiala 38) at 0:26 (PP)
3. Hartford Whalers , Joshua Norris 12 (Taylor Hall 39, Thomas Chabot 32) at 15:11
Penalties :
Trevor van Riemsdyk (HFD) for Delaying the game (Minor) at 0:17, Casey Cizikas (HFD) for Hooking (Minor) at 4:28, Devon Toews (CHI) for Interference (Minor) at 18:24
3rd period
No Goal
Penalties :
John Hayden (HFD) for Hooking (Minor) at 14:12, Thomas Chabot (HFD) for Hooking (Minor) at 19:27
Goalie Stats
Thatcher Demko (CHI), 30 saves from 31 shots - (0.968), W, 21-13-5, 60:00 minutes
Logan Thompson (HFD), 28 saves from 30 shots - (0.933), L, 11-10-4, 59:11 minutes
Players Stats for Chicago Black Hawks
Player Name G A P +/- PIM S H SB GA TA FO MP PP MP PK MP
------------------------------------------------------------------------------------
Barrett Hayton 0 0 0 0 0 3 1 1 2 0 1/1 18:02 2:19 0:00
Bo Horvat 0 0 0 0 5 6 0 0 0 0 16/20 16:42 2:11 0:00
Brent Burns 1 0 1 1 0 1 1 1 1 0 0/0 21:17 2:15 0:51
Cal Clutterbuck 0 0 0 0 0 2 2 0 0 0 0/0 14:56 0:00 1:05
Christopher Tanev 0 0 0 -1 0 1 0 1 0 0 0/0 17:24 0:00 0:51
Cole Perfetti 0 0 0 0 0 2 1 0 1 0 0/0 8:49 0:00 0:00
Devon Toews 0 0 0 0 2 0 1 1 0 1 0/0 17:35 0:00 0:00
Frederick Gaudreau 0 0 0 0 0 3 1 1 0 1 6/7 13:37 2:19 1:05
Jaden Schwartz 0 0 0 0 0 0 1 1 1 0 0/0 15:55 0:00 0:00
Kevin Fiala 0 2 2 0 0 1 1 0 2 0 1/1 17:00 2:20 0:00
Michael Rasmussen 0 0 0 0 0 1 3 0 1 0 0/1 13:54 0:00 0:54
Morgan Frost 0 0 0 0 0 0 0 0 0 0 5/15 12:44 0:00 0:00
Morgan Rielly 0 0 0 0 0 0 1 2 1 0 0/0 21:58 2:24 1:08
Patrice Bergeron 1 0 1 0 0 3 1 1 0 0 9/15 17:42 2:19 0:54
Seth Jones 0 1 1 1 0 3 2 3 0 1 0/0 22:54 2:15 1:08
Shane Pinto 0 0 0 0 0 1 0 0 0 0 4/7 10:31 0:09 0:00
Travis Sanheim 0 0 0 -1 0 3 0 0 1 0 0/0 19:59 2:24 0:00
Vincent Trocheck 0 1 1 0 0 0 1 1 0 0 0/2 17:00 2:20 0:00
Players Stats for Hartford Whalers
Player Name G A P +/- PIM S H SB GA TA FO MP PP MP PK MP
------------------------------------------------------------------------------------
Alexander Wennberg 0 0 0 -1 0 3 2 1 1 0 12/28 19:35 0:52 2:18
Alexis Lafreniere 0 0 0 0 0 3 0 0 0 0 0/3 16:18 1:07 0:13
Anthony Mantha 0 0 0 1 0 1 1 0 1 0 0/0 14:16 0:00 0:54
Casey Cizikas 0 0 0 0 2 1 2 0 0 4 7/14 17:30 1:07 1:14
Connor Clifton 0 0 0 0 0 0 3 0 0 1 0/0 16:40 0:56 0:32
Eetu Luostarinen 0 0 0 0 0 1 0 0 0 0 0/0 8:48 0:00 0:00
Haydn Fleury 0 0 0 0 0 2 1 1 0 0 0/0 15:12 0:00 0:00
Jaccob Slavin 0 0 0 0 0 0 1 0 0 1 0/0 22:41 1:03 2:10
John Hayden 0 0 0 1 7 4 0 0 0 0 0/0 12:19 0:00 0:00
Josh Anderson 0 0 0 -1 0 1 4 0 0 0 1/4 19:27 0:52 2:21
Joshua Norris 1 0 1 1 0 4 3 0 0 0 4/11 13:22 0:00 0:00
Lukas Reichel 0 0 0 0 0 1 0 0 1 0 2/6 8:48 0:00 0:00
Marcus Foligno 0 0 0 0 0 0 5 0 0 1 0/1 16:05 1:07 0:00
Mark Kastelic 0 0 0 0 0 0 0 0 0 1 0/0 9:38 0:00 0:00
Taylor Hall 0 1 1 -1 0 4 3 1 0 0 1/2 19:12 0:52 2:18
Thomas Chabot 0 1 1 0 2 1 2 0 0 1 0/0 22:47 1:42 1:38
Torey Krug 0 0 0 0 0 2 3 1 0 0 0/0 21:11 0:00 2:29
Trevor van Riemsdyk 0 0 0 0 2 3 0 2 0 1 0/0 21:27 0:17 2:29
3 Stars
1 - Thatcher Demko (CHI)
2 - Brent Burns (CHI)
3 - Joshua Norris (HFD)
Power Play
Chicago Black Hawks - 1 on 4 Attempt(s) - 25.00%
Hartford Whalers - 0 on 1 Attempt(s) - 0.00%
Penalty Kill
Chicago Black Hawks - 1 on 1 Attempt(s) - 100.00%
- Score 0 goal in Penalty Kill
Hartford Whalers - 3 on 4 Attempt(s) - 75.00%
- Score 0 goal in Penalty Kill
Team Stat
Chicago Black Hawks - Hits : 17 - Faceoff Wins : 42 - Blocked Shots : 13 - Penalty Minutes : 7
Hartford Whalers - Hits : 30 - Faceoff Wins : 27 - Blocked Shots : 6 - Penalty Minutes : 13
Official
Referees : Jacob Brenk and Francois StLaurent
Linesman : Derek Nansen and Steve Miller
Game Notes
John Hayden and Bo Horvat fight to a draw at 17:59 of 1st period
Finance
Level 1 -- Attendance: 5030 (50.30%) -- Ticket Income $503,000
Level 2 -- Attendance: 3330 (66.60%) -- Ticket Income $199,800
Level 3 -- Attendance: 2382 (79.40%) -- Ticket Income $83,370
Level 4 -- Attendance: 3622 (72.44%) -- Ticket Income $90,550
Luxury Box -- Attendance: 702 (70.20%) -- Ticket Income $140,400
Game was played at the Hartford Civic Center.
Total Attendance: 15066 (62.78%)
Total Ticket Income: $1,017,120
Other Income: $355,992
Total Income: $1,373,112
Chicago Black Hawks
5 vs 5 Forward
Center Left Wing Right Wing Time % Phy DF OF
1 Patrice Bergeron Kevin Fiala Vincent Trocheck 30 1 2 2
2 Bo Horvat Barrett Hayton Jaden Schwartz 30 1 2 2
3 Morgan Frost Michael Rasmussen Cal Clutterbuck 25 1 2 2
4 Frederick Gaudreau Cole Perfetti Shane Pinto 15 1 2 2
5 vs 5 Defense
Defense Defense Time % Phy DF OF
1 Brent Burns Seth Jones 35 0 3 2
2 Morgan Rielly Devon Toews 35 0 3 2
3 Christopher Tanev Travis Sanheim 30 0 3 2
4 Brent Burns Seth Jones 0 0 4 1
PowerPlay Forward
Center Left Wing Right Wing Time % Phy DF OF
1 Bo Horvat Kevin Fiala Vincent Trocheck 50 0 0 5
2 Patrice Bergeron Barrett Hayton Frederick Gaudreau 50 0 0 5
PowerPlay Defense
Defense Defense Time % Phy DF OF
1 Brent Burns Seth Jones 50 0 0 5
2 Morgan Rielly Travis Sanheim 50 0 0 5
Penalty Kill 4 Players Forward
Center Wing Time % Phy DF OF
1 Frederick Gaudreau Cal Clutterbuck 50 0 5 0
2 Patrice Bergeron Michael Rasmussen 50 0 5 0
Penalty Kill 4 Players Defense
Defense Defense Time % Phy DF OF
1 Brent Burns Christopher Tanev 50 0 5 0
2 Seth Jones Morgan Rielly 50 0 5 0
Penalty Kill - 3 Players Forward
Forward Time % Phy DF OF
1 Frederick Gaudreau 50 0 5 0
2 Bo Horvat 50 0 5 0
Penalty Kill - 3 Players Defense
Defense Defense Time % Phy DF OF
1 Seth Jones Brent Burns 50 0 5 0
2 Christopher Tanev Devon Toews 50 0 5 0
4 vs 4 Forward
Center Wing Time % Phy DF OF
1 Vincent Trocheck Morgan Frost 50 1 2 2
2 Barrett Hayton Kevin Fiala 50 1 2 2
4 vs 4 Defense
Defense Defense Time % Phy DF OF
1 Brent Burns Travis Sanheim 50 0 3 2
2 Devon Toews Seth Jones 50 0 3 2
Last Minutes Offensive
Center Left Wing Right Wing Defense Defense
Patrice Bergeron Kevin Fiala Vincent Trocheck Brent Burns Seth Jones
Last Minutes Defensive
Center Left Wing Right Wing Defense Defense
Bo Horvat Michael Rasmussen Frederick Gaudreau Brent Burns Seth Jones
Goaltenders
Starting : Thatcher Demko
Backup : Jordan Binnington
Extra Forwards
Normal : Shane Pinto, Morgan Frost, Bo Horvat - PP : Shane Pinto, Morgan Frost - PK : Bo Horvat
Extra Defensemen
Normal : Christopher Tanev, Travis Sanheim, Morgan Rielly - PP : Christopher Tanev - PK : Travis Sanheim, Brent Burns
Penalty Shots
Frederick Gaudreau, Devon Toews, Barrett Hayton, Brent Burns, Bo Horvat
Hartford Whalers
5 vs 5 Forward
Center Left Wing Right Wing Time % Phy DF OF
1 Alexander Wennberg Taylor Hall Josh Anderson 30 1 2 2
2 Casey Cizikas Marcus Foligno Alexis Lafreniere 30 1 2 2
3 Joshua Norris Anthony Mantha John Hayden 25 1 2 2
4 Lukas Reichel Mark Kastelic Eetu Luostarinen 15 1 2 2
5 vs 5 Defense
Defense Defense Time % Phy DF OF
1 Jaccob Slavin Thomas Chabot 35 1 2 2
2 Trevor van Riemsdyk Torey Krug 35 1 2 2
3 Connor Clifton Haydn Fleury 30 1 2 2
4 Jaccob Slavin Thomas Chabot 0 1 2 2
PowerPlay Forward
Center Left Wing Right Wing Time % Phy DF OF
1 Alexander Wennberg Taylor Hall Josh Anderson 50 1 2 2
2 Casey Cizikas Marcus Foligno Alexis Lafreniere 50 1 2 2
PowerPlay Defense
Defense Defense Time % Phy DF OF
1 Jaccob Slavin Thomas Chabot 50 1 2 2
2 Trevor van Riemsdyk Connor Clifton 50 1 2 2
Penalty Kill 4 Players Forward
Center Wing Time % Phy DF OF
1 Alexander Wennberg Taylor Hall 50 1 2 2
2 Josh Anderson Casey Cizikas 50 1 2 2
Penalty Kill 4 Players Defense
Defense Defense Time % Phy DF OF
1 Jaccob Slavin Thomas Chabot 50 1 2 2
2 Trevor van Riemsdyk Torey Krug 50 1 2 2
Penalty Kill - 3 Players Forward
Forward Time % Phy DF OF
1 Alexander Wennberg 50 1 2 2
2 Taylor Hall 50 1 2 2
Penalty Kill - 3 Players Defense
Defense Defense Time % Phy DF OF
1 Jaccob Slavin Thomas Chabot 50 1 2 2
2 Trevor van Riemsdyk Torey Krug 50 1 2 2
4 vs 4 Forward
Center Wing Time % Phy DF OF
1 Alexander Wennberg Taylor Hall 50 1 2 2
2 Josh Anderson Casey Cizikas 50 1 2 2
4 vs 4 Defense
Defense Defense Time % Phy DF OF
1 Jaccob Slavin Thomas Chabot 50 1 2 2
2 Trevor van Riemsdyk Haydn Fleury 50 1 2 2
Last Minutes Offensive
Center Left Wing Right Wing Defense Defense
Alexander Wennberg Taylor Hall Josh Anderson Jaccob Slavin Thomas Chabot
Last Minutes Defensive
Center Left Wing Right Wing Defense Defense
Alexander Wennberg Taylor Hall Josh Anderson Jaccob Slavin Thomas Chabot
Goaltenders
Starting : Logan Thompson
Backup : Anton Forsberg
Extra Forwards
Normal : Mark Kastelic, Alexander Wennberg, Anthony Mantha - PP : Mark Kastelic, Taylor Hall - PK : Anthony Mantha
Extra Defensemen
Normal : Torey Krug, Connor Clifton, Haydn Fleury - PP : Torey Krug - PK : Connor Clifton, Haydn Fleury
Penalty Shots
Alexander Wennberg, Taylor Hall, Josh Anderson, Casey Cizikas, Marcus Foligno
% Time on Ice - Chicago Black Hawks
Lines # - Real PCT - Wanted PCT - Time Play
Normal Forward
1 - 30% - 30% - 16:00
2 - 31% - 30% - 16:22
3 - 23% - 25% - 12:07
4 - 16% - 15% - 8:26
Normal Defense
1 - 32% - 35% - 17:10
2 - 35% - 35% - 18:24
3 - 31% - 30% - 16:33
4 - 2% - 0% - 0:48
PP Forward
1 - 50% - 50% - 2:20
2 - 50% - 50% - 2:19
PP Defense
1 - 48% - 50% - 2:15
2 - 52% - 50% - 2:24
PK Forward
1 - 55% - 50% - 1:05
2 - 45% - 50% - 0:54
PK Defense
1 - 43% - 50% - 0:51
2 - 57% - 50% - 1:08
PK3 Forward
1 - 0% - 50%
2 - 0% - 50%
PK3 Defense
1 - 0% - 50%
2 - 0% - 50%
44 Forward
1 - 0% - 50%
2 - 0% - 50%
44 Defense
1 - 0% - 50%
2 - 0% - 50%
Last Minute Offensive - 0:00
Last Minute Defensive - 0:27
Total
Forward - 60:00
Defense - 60:00
|
% Time on Ice - Hartford Whalers
Lines # - Real PCT - Wanted PCT - Time Play
Normal Forward
1 - 29% - 30% - 15:34
2 - 29% - 30% - 15:10
3 - 25% - 25% - 13:22
4 - 17% - 15% - 8:48
Normal Defense
1 - 35% - 35% - 18:35
2 - 35% - 35% - 18:42
3 - 29% - 30% - 15:12
4 - 1% - 0% - 0:25
PP Forward
1 - 44% - 50% - 0:52
2 - 56% - 50% - 1:07
PP Defense
1 - 53% - 50% - 1:03
2 - 47% - 50% - 0:56
PK Forward
1 - 49% - 50% - 2:18
2 - 51% - 50% - 2:21
PK Defense
1 - 47% - 50% - 2:10
2 - 53% - 50% - 2:29
PK3 Forward
1 - 0% - 50%
2 - 0% - 50%
PK3 Defense
1 - 0% - 50%
2 - 0% - 50%
44 Forward
1 - 0% - 50%
2 - 0% - 50%
44 Defense
1 - 0% - 50%
2 - 0% - 50%
Last Minute Offensive - 0:28
Last Minute Defensive - 0:00
Total
Forward - 60:00
Defense - 60:00
|
Play-by-Play
1st period
0:01 of 1st period - Patrice Bergeron wins face-off versus Alexander Wennberg in neutral zone.
0:43 of 1st period - Slapshot by Taylor Hall.
0:43 of 1st period - Shot Misses the Net.
0:45 of 1st period - Slapshot by Trevor van Riemsdyk.
0:45 of 1st period - Stopped by Thatcher Demko without a rebound.
0:46 of 1st period - Bo Horvat wins face-off versus Casey Cizikas in Chicago Black Hawks zone.
1:11 of 1st period - John Hayden is hit by Devon Toews and loses puck.
1:20 of 1st period - Backhand shot by Frederick Gaudreau.
1:20 of 1st period - Shot Misses the Net.
1:22 of 1st period - Snap shot by Morgan Rielly.
1:22 of 1st period - Shot Misses the Net.
2:14 of 1st period - Bo Horvat is hit by Josh Anderson and loses puck.
3:00 of 1st period - Wrist shot by Anthony Mantha.
3:00 of 1st period - Shot Misses the Net.
3:25 of 1st period - Snap shot by Cal Clutterbuck.
3:25 of 1st period - Stopped by Logan Thompson without a rebound.
3:26 of 1st period - Bo Horvat wins face-off versus Alexander Wennberg in Hartford Whalers zone.
3:39 of 1st period - Wrist shot by Bo Horvat.
3:39 of 1st period - Shot Misses the Net.
3:55 of 1st period - Marcus Foligno is hit by Morgan Rielly.
4:39 of 1st period - Snap shot by Bo Horvat.
4:39 of 1st period - Stopped by Logan Thompson without a rebound.
4:40 of 1st period - Bo Horvat wins face-off versus Lukas Reichel in Hartford Whalers zone.
4:44 of 1st period - Icing by Connor Clifton.
4:45 of 1st period - Bo Horvat wins face-off versus Lukas Reichel in Hartford Whalers zone.
4:56 of 1st period - Snap shot by Barrett Hayton.
4:56 of 1st period - Stopped by Logan Thompson with a rebound.
5:13 of 1st period - Icing by Christopher Tanev.
5:14 of 1st period - Casey Cizikas wins face-off versus Patrice Bergeron in Chicago Black Hawks zone.
5:29 of 1st period - Wrist shot by Patrice Bergeron.
5:29 of 1st period - Stopped by Logan Thompson without a rebound.
5:30 of 1st period - Frederick Gaudreau wins face-off versus Alexander Wennberg in Hartford Whalers zone.
5:55 of 1st period - Seth Jones is hit by Torey Krug and loses puck.
6:04 of 1st period - Backhand shot by Bo Horvat.
6:04 of 1st period - Shot Blocked by Haydn Fleury.
6:26 of 1st period - Off-side.
6:27 of 1st period - Alexander Wennberg wins face-off versus Morgan Frost in neutral zone.
7:22 of 1st period - Snap shot by Anthony Mantha.
7:22 of 1st period - Stopped by Thatcher Demko without a rebound.
7:23 of 1st period - Patrice Bergeron wins face-off versus Alexander Wennberg in Chicago Black Hawks zone.
7:49 of 1st period - Casey Cizikas is hit by Seth Jones and loses puck.
8:14 of 1st period - Travis Sanheim is hit by Joshua Norris and loses puck.
8:34 of 1st period - Off-side.
8:35 of 1st period - Frederick Gaudreau wins face-off versus Lukas Reichel in neutral zone.
8:51 of 1st period - Off-side.
8:52 of 1st period - Patrice Bergeron wins face-off versus Alexander Wennberg in neutral zone.
8:59 of 1st period - Alexander Wennberg is hit by Brent Burns and loses puck.
9:04 of 1st period - Snap shot by Kevin Fiala.
9:04 of 1st period - Shot Misses the Net.
9:06 of 1st period - Snap shot by Patrice Bergeron.
9:06 of 1st period - Goal by Patrice Bergeron - Chicago Black Hawks : 1 - Hartford Whalers : 0.
9:07 of 1st period - Morgan Frost wins face-off versus Casey Cizikas in neutral zone.
9:44 of 1st period - Off-side.
9:45 of 1st period - Patrice Bergeron wins face-off versus Joshua Norris in neutral zone.
9:55 of 1st period - Wrist shot by Anthony Mantha.
9:55 of 1st period - Shot Blocked by Patrice Bergeron.
10:11 of 1st period - Jaccob Slavin is hit by Jaden Schwartz and loses puck.
10:18 of 1st period - Snap shot by Bo Horvat.
10:18 of 1st period - Shot Misses the Net.
10:24 of 1st period - Morgan Rielly is hit by Marcus Foligno and loses puck.
10:37 of 1st period - Cal Clutterbuck is hit by Josh Anderson and loses puck.
11:17 of 1st period - John Hayden is hit by Patrice Bergeron and loses puck.
11:26 of 1st period - Snap shot by Kevin Fiala.
11:26 of 1st period - Stopped by Logan Thompson with a rebound.
11:45 of 1st period - Wrist shot by Joshua Norris.
11:45 of 1st period - Stopped by Thatcher Demko with a rebound.
11:47 of 1st period - Wrist shot by Haydn Fleury.
11:47 of 1st period - Stopped by Thatcher Demko with a rebound.
11:49 of 1st period - Snap shot by John Hayden.
11:49 of 1st period - Stopped by Thatcher Demko with a rebound.
11:51 of 1st period - Wrist shot by Haydn Fleury.
11:51 of 1st period - Shot Blocked by Jaden Schwartz.
11:53 of 1st period - Snap shot by John Hayden.
11:53 of 1st period - Stopped by Thatcher Demko without a rebound.
11:54 of 1st period - Alexander Wennberg wins face-off versus Patrice Bergeron in Chicago Black Hawks zone.
12:00 of 1st period - Icing by Patrice Bergeron.
12:01 of 1st period - Patrice Bergeron wins face-off versus Alexander Wennberg in Chicago Black Hawks zone.
12:30 of 1st period - Snap shot by Kevin Fiala.
12:30 of 1st period - Shot Blocked by Taylor Hall.
12:32 of 1st period - Snap shot by Travis Sanheim.
12:32 of 1st period - Shot Misses the Net.
12:34 of 1st period - Backhand shot by Kevin Fiala.
12:34 of 1st period - Shot Misses the Net.
12:36 of 1st period - Slapshot by Travis Sanheim.
12:36 of 1st period - Stopped by Logan Thompson without a rebound.
12:37 of 1st period - Casey Cizikas wins face-off versus Morgan Frost in Hartford Whalers zone.
13:15 of 1st period - Wrist shot by Lukas Reichel.
13:15 of 1st period - Stopped by Thatcher Demko without a rebound.
13:16 of 1st period - Morgan Frost wins face-off versus Alexander Wennberg in Chicago Black Hawks zone.
13:46 of 1st period - Barrett Hayton is hit by Connor Clifton and loses puck.
14:03 of 1st period - Snap shot by Joshua Norris.
14:03 of 1st period - Shot Misses the Net.
14:05 of 1st period - Slapshot by Trevor van Riemsdyk.
14:05 of 1st period - Stopped by Thatcher Demko with a rebound.
14:07 of 1st period - Snap shot by John Hayden.
14:07 of 1st period - Deflect By Seth Jones.
14:07 of 1st period - Stopped by Thatcher Demko with a rebound.
15:17 of 1st period - Wrist shot by Alexander Wennberg.
15:17 of 1st period - Stopped by Thatcher Demko without a rebound.
15:18 of 1st period - Barrett Hayton wins face-off versus Casey Cizikas in Chicago Black Hawks zone.
15:18 of 1st period - Barrett Hayton is hit by Connor Clifton.
15:29 of 1st period - Morgan Rielly is hit by Connor Clifton and loses puck.
15:34 of 1st period - Wrist shot by Barrett Hayton.
15:34 of 1st period - Stopped by Logan Thompson with a rebound.
15:41 of 1st period - Icing by Connor Clifton.
15:42 of 1st period - Casey Cizikas wins face-off versus Morgan Frost in Hartford Whalers zone.
16:40 of 1st period - Slapshot by Bo Horvat.
16:40 of 1st period - Shot Misses the Net.
16:42 of 1st period - Slapshot by Travis Sanheim.
16:42 of 1st period - Stopped by Logan Thompson with a rebound.
17:54 of 1st period - Wrist shot by Bo Horvat.
17:54 of 1st period - Stopped by Logan Thompson with a rebound.
17:56 of 1st period - Snap shot by Barrett Hayton.
17:56 of 1st period - Shot Misses the Net.
17:58 of 1st period - Snap shot by Bo Horvat.
17:58 of 1st period - Stopped by Logan Thompson without a rebound.
17:59 of 1st period - Bo Horvat wins face-off versus Joshua Norris in Hartford Whalers zone.
17:59 of 1st period - John Hayden and Bo Horvat fight to a draw.
17:59 of 1st period - Penalty to John Hayden for Fighting.
17:59 of 1st period - Penalty to Bo Horvat for Fighting.
18:00 of 1st period - Shane Pinto wins face-off versus Alexis Lafreniere in Hartford Whalers zone.
18:09 of 1st period - Alexis Lafreniere is hit by Seth Jones and loses puck.
19:43 of 1st period - Joshua Norris is hit by Kevin Fiala and loses puck.
Goals for this period are 1 for Chicago Black Hawks vs 0 for Hartford Whalers.
Shots for this period are 11 for Chicago Black Hawks vs 10 for Hartford Whalers.
2nd period
0:01 of 2nd period - Morgan Frost wins face-off versus Casey Cizikas in neutral zone.
0:06 of 2nd period - Snap shot by Michael Rasmussen.
0:06 of 2nd period - Shot Misses the Net.
0:08 of 2nd period - Wrist shot by Michael Rasmussen.
0:08 of 2nd period - Deflect By Cal Clutterbuck.
0:08 of 2nd period - Shot Misses the Net.
0:08 of 2nd period - Puck is out of play.
0:09 of 2nd period - Morgan Frost wins face-off versus Alexis Lafreniere in Hartford Whalers zone.
0:14 of 2nd period - Wrist shot by Cal Clutterbuck.
0:14 of 2nd period - Stopped by Logan Thompson without a rebound.
0:15 of 2nd period - Alexander Wennberg wins face-off versus Shane Pinto in Hartford Whalers zone.
0:17 of 2nd period - Minor Penalty to Trevor van Riemsdyk for Delaying the game.
0:18 of 2nd period - Shane Pinto wins face-off versus Alexander Wennberg in Hartford Whalers zone.
0:22 of 2nd period - Wrist shot by Kevin Fiala.
0:22 of 2nd period - Shot Misses the Net.
0:24 of 2nd period - Wrist shot by Vincent Trocheck.
0:24 of 2nd period - Shot Misses the Net.
0:26 of 2nd period - Slapshot by Brent Burns.
0:26 of 2nd period - Goal by Brent Burns - Chicago Black Hawks : 2 - Hartford Whalers : 0.
0:27 of 2nd period - Alexander Wennberg wins face-off versus Shane Pinto in neutral zone.
0:30 of 2nd period - Snap shot by Alexander Wennberg.
0:30 of 2nd period - Deflect By Taylor Hall.
0:30 of 2nd period - Shot Blocked by Morgan Rielly.
0:30 of 2nd period - Puck is out of play.
0:31 of 2nd period - Shane Pinto wins face-off versus Alexander Wennberg in Chicago Black Hawks zone.
0:31 of 2nd period - Shane Pinto is hit by Torey Krug.
0:46 of 2nd period - Slapshot by Shane Pinto.
0:46 of 2nd period - Shot Misses the Net.
1:06 of 2nd period - Snap shot by Alexis Lafreniere.
1:06 of 2nd period - Deflect By Vincent Trocheck.
1:06 of 2nd period - Stopped by Thatcher Demko with a rebound.
1:18 of 2nd period - Snap shot by Anthony Mantha.
1:18 of 2nd period - Shot Misses the Net.
1:20 of 2nd period - Slapshot by Haydn Fleury.
1:20 of 2nd period - Deflect By Morgan Rielly.
1:20 of 2nd period - Stopped by Thatcher Demko without a rebound.
1:21 of 2nd period - Lukas Reichel wins face-off versus Morgan Frost in Chicago Black Hawks zone.
1:24 of 2nd period - Slapshot by Eetu Luostarinen.
1:24 of 2nd period - Stopped by Thatcher Demko with a rebound.
1:34 of 2nd period - Slapshot by Seth Jones.
1:34 of 2nd period - Stopped by Logan Thompson without a rebound.
1:35 of 2nd period - Kevin Fiala wins face-off versus Casey Cizikas in Hartford Whalers zone.
2:06 of 2nd period - Slapshot by Alexander Wennberg.
2:06 of 2nd period - Stopped by Thatcher Demko without a rebound.
2:07 of 2nd period - Shane Pinto wins face-off versus Taylor Hall in Chicago Black Hawks zone.
2:18 of 2nd period - Slapshot by Seth Jones.
2:18 of 2nd period - Deflect By Barrett Hayton.
2:18 of 2nd period - Shot Blocked by Trevor van Riemsdyk.
2:18 of 2nd period - Puck is out of play.
2:19 of 2nd period - Joshua Norris wins face-off versus Frederick Gaudreau in Hartford Whalers zone.
2:26 of 2nd period - Wrist shot by Joshua Norris.
2:26 of 2nd period - Stopped by Thatcher Demko with a rebound.
2:34 of 2nd period - Snap shot by Cole Perfetti.
2:34 of 2nd period - Stopped by Logan Thompson without a rebound.
2:35 of 2nd period - Casey Cizikas wins face-off versus Morgan Frost in Hartford Whalers zone.
3:00 of 2nd period - Taylor Hall is hit by Barrett Hayton and loses puck.
3:05 of 2nd period - Snap shot by Jaden Schwartz.
3:05 of 2nd period - Shot Misses the Net.
3:07 of 2nd period - Snap shot by Shane Pinto.
3:07 of 2nd period - Stopped by Logan Thompson without a rebound.
3:08 of 2nd period - Joshua Norris wins face-off versus Patrice Bergeron in Hartford Whalers zone.
3:17 of 2nd period - Wrist shot by Joshua Norris.
3:17 of 2nd period - Stopped by Thatcher Demko without a rebound.
3:18 of 2nd period - Patrice Bergeron wins face-off versus Joshua Norris in Chicago Black Hawks zone.
3:43 of 2nd period - Anthony Mantha is hit by Vincent Trocheck and loses puck.
3:48 of 2nd period - Wrist shot by Patrice Bergeron.
3:48 of 2nd period - Stopped by Logan Thompson without a rebound.
3:49 of 2nd period - Bo Horvat wins face-off versus Alexander Wennberg in Hartford Whalers zone.
4:13 of 2nd period - Icing by Haydn Fleury.
4:14 of 2nd period - Alexander Wennberg wins face-off versus Morgan Frost in Hartford Whalers zone.
4:19 of 2nd period - Wrist shot by Alexis Lafreniere.
4:19 of 2nd period - Shot Blocked by Seth Jones.
4:21 of 2nd period - Slapshot by Connor Clifton.
4:21 of 2nd period - Deflect By Casey Cizikas.
4:21 of 2nd period - Shot Misses the Net.
4:21 of 2nd period - Puck is out of play.
4:22 of 2nd period - Casey Cizikas wins face-off versus Shane Pinto in Chicago Black Hawks zone.
4:28 of 2nd period - Minor Penalty to Casey Cizikas for Hooking.
4:29 of 2nd period - Patrice Bergeron wins face-off versus Josh Anderson in Hartford Whalers zone.
4:29 of 2nd period - Slapshot by Barrett Hayton.
4:29 of 2nd period - Stopped by Logan Thompson without a rebound.
4:30 of 2nd period - Josh Anderson wins face-off versus Patrice Bergeron in Hartford Whalers zone.
4:49 of 2nd period - Patrice Bergeron is hit by Taylor Hall and loses puck.
5:17 of 2nd period - Snap shot by Patrice Bergeron.
5:17 of 2nd period - Deflect By Frederick Gaudreau.
5:17 of 2nd period - Stopped by Logan Thompson with a rebound.
5:19 of 2nd period - Wrist shot by Barrett Hayton.
5:19 of 2nd period - Deflect By Patrice Bergeron.
5:19 of 2nd period - Shot Misses the Net.
5:19 of 2nd period - Puck is out of play.
5:20 of 2nd period - Bo Horvat wins face-off versus Josh Anderson in Hartford Whalers zone.
5:25 of 2nd period - Wrist shot by Bo Horvat.
5:25 of 2nd period - Stopped by Logan Thompson without a rebound.
5:26 of 2nd period - Bo Horvat wins face-off versus Alexander Wennberg in Hartford Whalers zone.
5:35 of 2nd period - Snap shot by Bo Horvat.
5:35 of 2nd period - Stopped by Logan Thompson without a rebound.
5:36 of 2nd period - Alexander Wennberg wins face-off versus Vincent Trocheck in Hartford Whalers zone.
6:28 of 2nd period - Penalty to Casey Cizikas is over, Casey Cizikas is back on ice.
6:53 of 2nd period - Eetu Luostarinen is hit by Cole Perfetti.
7:33 of 2nd period - Icing by Alexander Wennberg.
7:34 of 2nd period - Alexander Wennberg wins face-off versus Morgan Frost in Hartford Whalers zone.
7:39 of 2nd period - Wrist shot by Casey Cizikas.
7:39 of 2nd period - Stopped by Thatcher Demko without a rebound.
7:40 of 2nd period - Morgan Frost wins face-off versus Marcus Foligno in Chicago Black Hawks zone.
7:40 of 2nd period - Morgan Frost is hit by Marcus Foligno.
7:51 of 2nd period - Off-side.
7:52 of 2nd period - Joshua Norris wins face-off versus Bo Horvat in neutral zone.
8:17 of 2nd period - Kevin Fiala is hit by Josh Anderson and loses puck.
9:03 of 2nd period - Slapshot by Torey Krug.
9:03 of 2nd period - Stopped by Thatcher Demko without a rebound.
9:04 of 2nd period - Bo Horvat wins face-off versus Lukas Reichel in Chicago Black Hawks zone.
9:37 of 2nd period - Slapshot by Thomas Chabot.
9:37 of 2nd period - Deflect By Eetu Luostarinen.
9:37 of 2nd period - Shot Blocked by Morgan Rielly.
9:37 of 2nd period - Puck is out of play.
9:38 of 2nd period - Alexander Wennberg wins face-off versus Michael Rasmussen in Chicago Black Hawks zone.
9:47 of 2nd period - Snap shot by Alexander Wennberg.
9:47 of 2nd period - Shot Misses the Net.
10:07 of 2nd period - Wrist shot by Cal Clutterbuck.
10:07 of 2nd period - Shot Misses the Net.
10:28 of 2nd period - Wrist shot by Alexis Lafreniere.
10:28 of 2nd period - Shot Misses the Net.
11:08 of 2nd period - Snap shot by Cole Perfetti.
11:08 of 2nd period - Shot Misses the Net.
11:10 of 2nd period - Wrist shot by Frederick Gaudreau.
11:10 of 2nd period - Shot Blocked by Alexander Wennberg.
11:12 of 2nd period - Backhand shot by Frederick Gaudreau.
11:12 of 2nd period - Stopped by Logan Thompson without a rebound.
11:13 of 2nd period - Patrice Bergeron wins face-off versus Joshua Norris in Hartford Whalers zone.
11:44 of 2nd period - Snap shot by Taylor Hall.
11:44 of 2nd period - Shot Misses the Net.
11:46 of 2nd period - Snap shot by Taylor Hall.
11:46 of 2nd period - Shot Misses the Net.
11:48 of 2nd period - Slapshot by Thomas Chabot.
11:48 of 2nd period - Stopped by Thatcher Demko with a rebound.
11:50 of 2nd period - Snap shot by Taylor Hall.
11:50 of 2nd period - Shot Blocked by Seth Jones.
11:52 of 2nd period - Snap shot by Josh Anderson.
11:52 of 2nd period - Stopped by Thatcher Demko without a rebound.
11:53 of 2nd period - Frederick Gaudreau wins face-off versus Casey Cizikas in Chicago Black Hawks zone.
11:53 of 2nd period - Frederick Gaudreau is hit by Marcus Foligno.
12:08 of 2nd period - Snap shot by Alexis Lafreniere.
12:08 of 2nd period - Shot Blocked by Christopher Tanev.
12:14 of 2nd period - Frederick Gaudreau is hit by Marcus Foligno and loses puck.
13:09 of 2nd period - Snap shot by Cole Perfetti.
13:09 of 2nd period - Stopped by Logan Thompson without a rebound.
13:10 of 2nd period - Taylor Hall wins face-off versus Bo Horvat in Hartford Whalers zone.
13:15 of 2nd period - Wrist shot by Taylor Hall.
13:15 of 2nd period - Shot Blocked by Devon Toews.
14:09 of 2nd period - Snap shot by Morgan Frost.
14:09 of 2nd period - Shot Misses the Net.
14:11 of 2nd period - Slapshot by Seth Jones.
14:11 of 2nd period - Stopped by Logan Thompson with a rebound.
14:45 of 2nd period - Snap shot by Alexander Wennberg.
14:45 of 2nd period - Stopped by Thatcher Demko without a rebound.
14:46 of 2nd period - Alexander Wennberg wins face-off versus Morgan Frost in Chicago Black Hawks zone.
14:51 of 2nd period - Wrist shot by Taylor Hall.
14:51 of 2nd period - Stopped by Thatcher Demko with a rebound.
15:09 of 2nd period - Wrist shot by Taylor Hall.
15:09 of 2nd period - Shot Blocked by Vincent Trocheck.
15:11 of 2nd period - Snap shot by Joshua Norris.
15:11 of 2nd period - Goal by Joshua Norris - Chicago Black Hawks : 2 - Hartford Whalers : 1.
15:12 of 2nd period - Alexander Wennberg wins face-off versus Bo Horvat in neutral zone.
15:41 of 2nd period - Slapshot by Alexander Wennberg.
15:41 of 2nd period - Shot Hit the Post.
16:30 of 2nd period - Off-side.
16:31 of 2nd period - Alexander Wennberg wins face-off versus Bo Horvat in neutral zone.
17:02 of 2nd period - Snap shot by Kevin Fiala.
17:02 of 2nd period - Shot Misses the Net.
17:04 of 2nd period - Slapshot by Christopher Tanev.
17:04 of 2nd period - Stopped by Logan Thompson with a rebound.
17:06 of 2nd period - Wrist shot by Vincent Trocheck.
17:06 of 2nd period - Shot Blocked by Torey Krug.
17:08 of 2nd period - Slapshot by Christopher Tanev.
17:08 of 2nd period - Shot Blocked by Trevor van Riemsdyk.
17:28 of 2nd period - Snap shot by Frederick Gaudreau.
17:28 of 2nd period - Stopped by Logan Thompson with a rebound.
17:50 of 2nd period - Alexis Lafreniere is hit by Michael Rasmussen and loses puck.
18:24 of 2nd period - Minor Penalty to Devon Toews for Interference.
18:25 of 2nd period - Frederick Gaudreau wins face-off versus Alexander Wennberg in Chicago Black Hawks zone.
18:38 of 2nd period - Christopher Tanev is hit by Thomas Chabot and loses puck.
18:51 of 2nd period - Jaccob Slavin is hit by Cal Clutterbuck and loses puck.
19:00 of 2nd period - Wrist shot by Alexis Lafreniere.
19:00 of 2nd period - Shot Misses the Net.
19:28 of 2nd period - Patrice Bergeron is hit by Alexander Wennberg and loses puck.
Goals for this period are 1 for Chicago Black Hawks vs 1 for Hartford Whalers.
Shots for this period are 15 for Chicago Black Hawks vs 13 for Hartford Whalers.
3rd period
0:01 of 3rd period - Frederick Gaudreau wins face-off versus Alexis Lafreniere in neutral zone.
0:09 of 3rd period - Icing by Alexis Lafreniere.
0:10 of 3rd period - Frederick Gaudreau wins face-off versus Casey Cizikas in Hartford Whalers zone.
0:10 of 3rd period - Morgan Rielly is hit by Casey Cizikas.
0:22 of 3rd period - Slapshot by Seth Jones.
0:22 of 3rd period - Stopped by Logan Thompson with a rebound.
0:24 of 3rd period - Penalty to Devon Toews is over, Devon Toews is back on ice.
0:28 of 3rd period - Slapshot by Thomas Chabot.
0:28 of 3rd period - Shot Misses the Net.
1:08 of 3rd period - Seth Jones is hit by Marcus Foligno and loses puck.
1:19 of 3rd period - Wrist shot by Marcus Foligno.
1:19 of 3rd period - Shot Misses the Net.
1:21 of 3rd period - Wrist shot by Alexis Lafreniere.
1:21 of 3rd period - Shot Misses the Net.
1:37 of 3rd period - Snap shot by Alexis Lafreniere.
1:37 of 3rd period - Stopped by Thatcher Demko with a rebound.
1:39 of 3rd period - Snap shot by Alexis Lafreniere.
1:39 of 3rd period - Stopped by Thatcher Demko with a rebound.
1:43 of 3rd period - Wrist shot by Alexis Lafreniere.
1:43 of 3rd period - Deflect By Morgan Rielly.
1:43 of 3rd period - Shot Blocked by Seth Jones.
1:43 of 3rd period - Puck is out of play.
1:44 of 3rd period - Bo Horvat wins face-off versus Alexander Wennberg in Chicago Black Hawks zone.
1:57 of 3rd period - Barrett Hayton is hit by Josh Anderson and loses puck.
2:10 of 3rd period - Kevin Fiala is hit by Haydn Fleury and loses puck.
2:15 of 3rd period - Wrist shot by John Hayden.
2:15 of 3rd period - Stopped by Thatcher Demko without a rebound.
2:16 of 3rd period - Patrice Bergeron wins face-off versus Joshua Norris in Chicago Black Hawks zone.
3:19 of 3rd period - Shane Pinto is hit by Joshua Norris and loses puck.
3:46 of 3rd period - Snap shot by Taylor Hall.
3:46 of 3rd period - Stopped by Thatcher Demko without a rebound.
3:47 of 3rd period - Lukas Reichel wins face-off versus Patrice Bergeron in Chicago Black Hawks zone.
4:12 of 3rd period - Travis Sanheim is hit by Taylor Hall and loses puck.
4:18 of 3rd period - Icing by Christopher Tanev.
4:19 of 3rd period - Bo Horvat wins face-off versus Alexander Wennberg in Chicago Black Hawks zone.
5:31 of 3rd period - Slapshot by Taylor Hall.
5:31 of 3rd period - Stopped by Thatcher Demko with a rebound.
5:33 of 3rd period - Slapshot by Trevor van Riemsdyk.
5:33 of 3rd period - Stopped by Thatcher Demko with a rebound.
6:16 of 3rd period - Snap shot by Alexander Wennberg.
6:16 of 3rd period - Shot Blocked by Barrett Hayton.
6:18 of 3rd period - Slapshot by Torey Krug.
6:18 of 3rd period - Stopped by Thatcher Demko without a rebound.
6:19 of 3rd period - Casey Cizikas wins face-off versus Morgan Frost in Chicago Black Hawks zone.
6:24 of 3rd period - Snap shot by Alexis Lafreniere.
6:24 of 3rd period - Shot Blocked by Brent Burns.
7:08 of 3rd period - Eetu Luostarinen is hit by Frederick Gaudreau and loses puck.
7:25 of 3rd period - Morgan Frost is hit by Thomas Chabot and loses puck.
10:03 of 3rd period - Patrice Bergeron is hit by Torey Krug and loses puck.
10:51 of 3rd period - Anthony Mantha is hit by Cal Clutterbuck and loses puck.
11:08 of 3rd period - Christopher Tanev is hit by Jaccob Slavin and loses puck.
11:51 of 3rd period - Connor Clifton is hit by Michael Rasmussen and loses puck.
12:28 of 3rd period - Morgan Rielly is hit by Joshua Norris and loses puck.
12:39 of 3rd period - Frederick Gaudreau is hit by Taylor Hall and loses puck.
12:59 of 3rd period - Snap shot by Morgan Frost.
12:59 of 3rd period - Shot Misses the Net.
13:01 of 3rd period - Snap shot by Michael Rasmussen.
13:01 of 3rd period - Stopped by Logan Thompson without a rebound.
13:02 of 3rd period - Bo Horvat wins face-off versus Joshua Norris in Hartford Whalers zone.
13:03 of 3rd period - Slapshot by Barrett Hayton.
13:03 of 3rd period - Shot Misses the Net.
13:05 of 3rd period - Slapshot by Seth Jones.
13:05 of 3rd period - Deflect By Bo Horvat.
13:05 of 3rd period - Shot Misses the Net.
13:05 of 3rd period - Puck is out of play.
13:06 of 3rd period - Bo Horvat wins face-off versus Joshua Norris in Hartford Whalers zone.
13:11 of 3rd period - Wrist shot by Jaden Schwartz.
13:11 of 3rd period - Shot Misses the Net.
13:18 of 3rd period - Off-side.
13:19 of 3rd period - Casey Cizikas wins face-off versus Morgan Frost in neutral zone.
13:54 of 3rd period - Wrist shot by Bo Horvat.
13:54 of 3rd period - Shot Misses the Net.
14:00 of 3rd period - Travis Sanheim is hit by Alexander Wennberg and loses puck.
14:12 of 3rd period - Minor Penalty to John Hayden for Hooking.
14:13 of 3rd period - Bo Horvat wins face-off versus Alexander Wennberg in Hartford Whalers zone.
14:40 of 3rd period - Barrett Hayton is hit by Casey Cizikas and loses puck.
15:03 of 3rd period - Icing by Bo Horvat.
15:04 of 3rd period - Alexander Wennberg wins face-off versus Vincent Trocheck in Chicago Black Hawks zone.
15:05 of 3rd period - Slapshot by Taylor Hall.
15:05 of 3rd period - Shot Hit the Post.
16:12 of 3rd period - Penalty to John Hayden is over, John Hayden is back on ice.
16:55 of 3rd period - Bo Horvat is hit by Anthony Mantha and loses puck.
17:52 of 3rd period - Haydn Fleury is hit by Michael Rasmussen.
18:33 of 3rd period - Icing by John Hayden.
18:34 of 3rd period - Joshua Norris wins face-off versus Patrice Bergeron in Hartford Whalers zone.
18:39 of 3rd period - Hartford Whalers, Logan Thompson is pulled from the net.
19:10 of 3rd period - Snap shot by Alexander Wennberg.
19:10 of 3rd period - Shot Misses the Net.
19:12 of 3rd period - Snap shot by Thomas Chabot.
19:12 of 3rd period - Shot Blocked by Frederick Gaudreau.
19:14 of 3rd period - Snap shot by Taylor Hall.
19:14 of 3rd period - Stopped by Thatcher Demko without a rebound.
19:15 of 3rd period - Todd McLellan call a timeout for Hartford Whalers.
19:15 of 3rd period - Bo Horvat wins face-off versus Alexander Wennberg in Chicago Black Hawks zone.
19:27 of 3rd period - Minor Penalty to Thomas Chabot for Hooking.
19:28 of 3rd period - Logan Thompson from Hartford Whalers was sent back in the game.
19:28 of 3rd period - Bo Horvat wins face-off versus Josh Anderson in Hartford Whalers zone.
19:32 of 3rd period - Snap shot by Bo Horvat.
19:32 of 3rd period - Stopped by Logan Thompson with a rebound.
19:34 of 3rd period - Wrist shot by Travis Sanheim.
19:34 of 3rd period - Stopped by Logan Thompson with a rebound.
Goals for this period are 0 for Chicago Black Hawks vs 0 for Hartford Whalers.
Shots for this period are 4 for Chicago Black Hawks vs 8 for Hartford Whalers.
Back to the Top